 Dungeon Crawl Stone Soup version 0.32-a0-350-g4f4d228785 (webtiles) character file.

Game seed: 18303046119177801066

1554181 AutarchDCSS the Conqueror (level 27, 224/224 HPs)
             Began as a Barachi Hexslinger on Feb 18, 2024.
             Was the Champion of Hepliaklqana.
             Escaped with the Orb
             ... and 3 runes!
             The game lasted 03:35:21 (80223 turns).

AutarchDCSS the Conqueror (Barachi Hexslinger)     Turns: 80223, Time: 03:35:22

Health: 224/224    AC: 37    Str: 17    XL:     27
Magic:  32/32      EV: 51    Int: 15    God:    Hepliaklqana [******]
Gold:   4651       SH:  0    Dex: 43    Spells: 31/38 levels left

rFire   + + +        b - +7 longbow of the Wilderness {drain, rN+ Dex+3}
rCold   + . .        (shield currently unavailable)
rNeg    + . .        x - +7 swamp dragon scales
rPois   +            g - +2 helmet {SInv}
rElec   +            D - +2 cloak {rCorr}
rCorr   +            q - +3 pair of gloves "Noanaili" {Harm rCorr Str+2 Dex+3}
SInv    +            K - +2 pair of boots
Will    ++++.        A - amulet of Midduabb {Acrobat Will++ Int-3 Dex+3}
Stlth   ++           s - ring "Nurr" {Fly rC+ rCorr Str+3 Dex+6}
HPRegen 0.57/turn    H - ring of Xytohatt {rElec rPois rF+++ Int+6 Dex-2}
MPRegen 0.23/turn

%: harm (+30% outgoing, +20% incoming), acrobat, clarity
@: flying, studying 3 skills, slow
A: reduced essence, amphibious, slowness 1, strong legs 2, +LOS, agile 1,
clarity, wild magic 1, inability to read after injury 1
0: Orb of Zot
}: 3/15 runes: decaying, serpentine, slimy
a: Hop, Renounce Religion, Recall Ancestor, Ancestor Identity, Transference,
Idealise


You escaped.
You worshipped Hepliaklqana.
Hepliaklqana was exalted by your worship.
You visited 11 branches of the dungeon, and saw 52 of its levels.
You visited 1 bazaar.
You visited 1 ziggurat, and saw 4 of its levels.
You also visited: Trove, Bailey and Wizlab.

You collected 9845 gold pieces.
You spent 5194 gold pieces at shops.

Inventory:

Hand Weapons
 a - a +9 longbow of freezing
 b - the +7 longbow of the Wilderness (weapon) {drain, rN+ Dex+3}
   (You found it on level 3 of a ziggurat)

   Dex+3:     It affects your dexterity (+3).
   rN+:       It protects you from negative energy.
Missiles
 T - 4 throwing nets
 X - 8 curare-tipped darts
Armour
 g - a +2 helmet of see invisible (worn)
 q - the +3 pair of gloves "Noanaili" (worn) {Harm rCorr Str+2 Dex+3}
   (You acquired it on level 4 of the Depths)

   Str+2:     It affects your strength (+2).
   Dex+3:     It affects your dexterity (+3).
   rCorr:     It protects you from acid and corrosion.
   Harm:      It increases damage dealt and taken.
 x - +7 swamp dragon scales (worn)
 D - a +2 cloak of preservation (worn)
 K - a +2 pair of boots (worn)
Jewellery
 d - a ring "Qunisiva" {rPois Str+6 Int+3 SInv}
   (You found it on level 1 of the Swamp)

   [ring of strength]

   Str+6:     It affects your strength (+6).
   Int+3:     It affects your intelligence (+3).
   rPois:     It protects you from poison SInv: It lets you see invisible.
 i - the amulet "Mycueloz" {Regen+ Dex+5 Slay-2 SInv}
   (You found it on level 1 of the Swamp)

   [amulet of regeneration]

   Dex+5:     It affects your dexterity (+5).
   Slay-2:    It affects your accuracy & damage with ranged weapons and melee
   (-2).
   SInv:      It lets you see invisible.
   Regen+:    It increases your rate of health regeneration.
 s - the ring "Nurr" (left hand) {Fly rC+ rCorr Str+3 Dex+6}
   (You found it on level 2 of the Vaults)

   [ring of dexterity]

   Str+3:     It affects your strength (+3).
   Dex+6:     It affects your dexterity (+6).
   rC+:       It protects you from cold.
   Fly:       It grants you flight.
   rCorr:     It protects you from acid and corrosion.
 v - the ring "Keajiah" {Will+ Str+3 Dex+4 SInv}
   (You found it on level 4 of a ziggurat)

   [ring of see invisible]

   Str+3:     It affects your strength (+3).
   Dex+4:     It affects your dexterity (+4).
   Will+:     It increases your willpower.
   SInv:      It lets you see invisible.
 y - the ring of False Hope {+Blink rF+ rC+ Dex+3}
   (You found it in a treasure trove)

   [ring of protection from fire]

   Dex+3:     It affects your dexterity (+3).
   rF+:       It protects you from fire.
   rC+:       It protects you from cold.
   +Blink:    It lets you blink.
 A - the amulet of Midduabb (around neck) {Acrobat Will++ Int-3 Dex+3}
   (You took it off a tengu conjurer on level 2 of the Depths)

   [amulet of the acrobat]

   Acrobat:   It increases your evasion while moving and waiting.
   Int-3:     It affects your intelligence (-3).
   Dex+3:     It affects your dexterity (+3).
   Will++:    It greatly increases your willpower.
 H - the ring of Xytohatt (right hand) {rElec rPois rF+++ Int+6 Dex-2}
   (You acquired it on level 4 of the Lair of Beasts)

   [ring of intelligence]

   Int+6:     It affects your intelligence (+6).
   Dex-2:     It affects your dexterity (-2).
   rF+++:     It renders you almost immune to fire.
   rElec:     It insulates you from electricity.
   rPois:     It protects you from poison
Wands
 c - a wand of roots (40)
 m - a wand of paralysis (66)
 z - a wand of mindburst (21)
 I - a wand of quicksilver (37)
 N - a wand of polymorph (28)
 U - a wand of digging (23)
Scrolls
 f - 3 scrolls of enchant armour
 k - 28 scrolls of teleportation
 u - 13 scrolls of immolation
 w - 3 scrolls of summoning
 E - 6 scrolls of fear
 G - 3 scrolls of enchant weapon
 J - 4 scrolls of blinking
 L - 3 scrolls of fog
 M - a scroll of revelation
 Q - a scroll of torment
 Y - 3 scrolls of silence
Potions
 e - 7 potions of heal wounds
 h - 6 potions of magic {unknown}
 j - 23 potions of curing
 n - 6 potions of resistance
 o - 8 potions of lignification
 p - 8 potions of mutation
 r - 11 potions of might
 t - 2 potions of haste
 F - 2 potions of cancellation
 P - 6 potions of brilliance
 R - 5 potions of invisibility
 Z - 6 potions of enlightenment
Miscellaneous
 l - a phial of floods
 B - a lightning rod (4/4)
 C - a box of beasts
 O - a phantom mirror
 V - a condenser vane


   Skills:
 O Level 27 Fighting
 + Level 25.3 Ranged Weapons
 - Level 20.9 Armour
 O Level 27 Dodging
 - Level 10.0 Stealth
 - Level 6.0 Spellcasting
 - Level 3.2 Hexes
 - Level 4.5 Translocations
 - Level 1.1 Fire Magic
 - Level 4.5 Air Magic
 - Level 6.0 Invocations
 - Level 17.5 Evocations


You had 31 spell levels left.
You knew the following spells:

 Your Spells              Type           Power      Damage    Failure   Level
a - Jinxbite              Hex            36%        N/A       12%         2
b - Blink                 Tloc           46%        N/A       8%          2
c - Swiftness             Air            23%        N/A       13%         3

Your spell library contained the following spells:

 Spells                   Type           Power      Damage    Failure   Level
 Apportation              Tloc           46%        N/A       5%          1
 Lesser Beckoning         Tloc           46%        N/A       8%          2
 Slow                     Hex            72%        N/A       9%          1
 Gell's Gravitas          Tloc           23%        N/A       14%         3
 Teleport Other           Tloc           23%        N/A       14%         3
 Momentum Strike          Conj/Tloc      28%        3d8       17%         2
 Cigotuvi's Dreadful Rot  Necr/Alch/Air  22%        N/A       22%         2
 Ensorcelled Hibernation  Hex/Ice        24%        N/A       22%         2
 Confusing Touch          Hex            18%        N/A       22%         3
 Sigil of Binding         Hex            18%        N/A       22%         3
 Tukima's Dance           Hex            18%        N/A       22%         3
 Scorch                   Fire           20%        2d5       26%         2
 Volatile Blastmotes      Fire/Tloc      32%        2d12      26%         3
 Freeze                   Ice            20%        1d4       28%         1
 Magic Dart               Conj           20%        1d4       28%         1
 Necrotise                Necr           20%        1d5       28%         1
 Sting                    Conj/Alch      20%        1d4       28%         1
 Summon Small Mammal      Summ           20%        N/A       28%         1
 Inner Flame              Hex/Fire       14%        N/A       32%         3
 Call Imp                 Summ           10%        N/A       38%         2
 Sublimation of Blood     Necr           5%         N/A       38%         2
 Dazzling Flash           Conj/Hex       24%        N/A       38%         3
 Manifold Assault         Tloc           23%        N/A       38%         4
 Passage of Golubria      Tloc           23%        N/A       38%         4
 Dimensional Bullseye     Hex/Tloc       10%        N/A       45%         4
 Cause Fear               Hex            9%         N/A       54%         4
 Call Canine Familiar     Summ           5%         N/A       61%         3
 Frozen Ramparts          Ice            10%        1d2       61%         3
 Fugue of the Fallen      Necr           5%         N/A       61%         3
 Hailstorm                Conj/Ice       5%         3d5       61%         3
 Ozocubu's Armour         Ice            5%         N/A       61%         3
 Passwall                 Erth           5%         N/A       61%         3
 Summon Ice Beast         Ice/Summ       5%         N/A       61%         3
 Vampiric Draining        Necr           5%         2d6       61%         3
 Iskenderun's Mystic Bla  Conj/Tloc      14%        2d5       69%         4
 Summon Lightning Spire   Summ/Air       14%        N/A       69%         4
 Anguish                  Hex/Necr       6%         N/A       78%         4
 Silence                  Hex/Air        10%        N/A       80%         5
 Flame Wave               Conj/Fire      7%         2d5       89%         4
 Ignite Poison            Fire/Alch      7%         N/A       89%         4
 Sticky Flame             Fire/Alch      7%         2d4       89%         4
 Summon Blazeheart Golem  Fire/Summ      7%         N/A       89%         4
 Animate Armour           Summ/Erth      10%        N/A       93%         4
 Animate Dead             Necr           5%         N/A       93%         4
 Dispel Undead            Necr           5%         3d7       93%         4
 Fulminant Prism          Conj/Alch      2%         3d5       93%         4
 Leda's Liquefaction      Alch/Erth      2%         N/A       93%         4
 Martyr's Knell           Necr/Summ      5%         N/A       93%         4
 Summon Forest            Summ/Tloc      7%         N/A       95%         5
 Freezing Cloud           Conj/Ice/Air   5%         6-21      98%         5
 Metabolic Englaciation   Hex/Ice        6%         N/A       98%         5
 Summon Mana Viper        Hex/Summ       12%        N/A       98%         5
 Yara's Violent Unravell  Hex/Alch       6%         3d5       98%         5
 Fireball                 Conj/Fire      3%         3d4       99%         5
 Dispersal                Tloc           11%        N/A       99%         6
 Alistair's Intoxication  Alch           3%         N/A       100%        5
 Borgnjor's Vile Clutch   Necr/Erth      2%         N/A       100%        5
 Curse of Agony           Necr           5%         N/A       100%        5
 Lee's Rapid Deconstruct  Erth           2%         3d5*      100%        5
 Bombard                  Conj/Erth      2%         9d1       100%        6
 Conjure Ball Lightning   Conj/Air       7%         3x3d6     100%        6
 Death Channel            Necr           2%         N/A       100%        6
 Eringya's Noxious Bog    Alch           2%         4d6       100%        6
 Plasma Beam              Fire/Air       8%         2x1d18    100%        6
 Sculpt Simulacrum        Ice/Alch       2%         N/A       100%        6
 Summon Cactus Giant      Summ           2%         N/A       100%        6
 Enfeeble                 Hex            9%         N/A       100%        7
 Haunt                    Necr/Summ      2%         N/A       100%        7
 Monstrous Menagerie      Summ           2%         N/A       100%        7
 Orb of Destruction       Conj           2%         9d5       100%        7
 Ozocubu's Refrigeration  Ice            2%         4d8       100%        7
 Spellforged Servitor     Conj/Summ      2%         N/A       100%        7
 Summon Hydra             Summ           2%         N/A       100%        7
 Borgnjor's Revivificati  Necr           2%         N/A       100%        8
 Discord                  Hex            9%         N/A       100%        8
 Disjunction              Tloc           11%        N/A       100%        8
 Ignition                 Fire           5%         3d4       100%        8
 Infestation              Necr           2%         N/A       100%        8
 Maxwell's Capacitive Co  Air            11%        ∞         100%        8
 Chain Lightning          Conj/Air       7%         3d9       100%        9
 Death's Door             Necr           2%         N/A       100%        9
 Dragon's Call            Summ           2%         N/A       100%        9
 Fire Storm               Conj/Fire      3%         8d1       100%        9
 Polar Vortex             Ice            2%         N/A       100%        9
 Shatter                  Erth           2%         3d6*      100%        9


Dungeon Overview and Level Annotations

Branches:
Dungeon (15/15)            Temple (1/1) D:7            Lair (5/5) D:10
  Swamp (4/4) Lair:2        Snake (4/4) Lair:3        Slime (5/5) Lair:4
    Orc (2/2) D:9             Elf (3/3) Orc:2        Vaults (4/5) D:14
  Crypt (0/3) Vaults:3     Depths (4/4) D:15            Zot (5/5) Depths:4
 Bailey (visited)          WizLab (visited)

Altars:
Ashenzari
Cheibriados
Dithmenos
Elyvilon
Fedhas
Gozag
Hepliaklqana
Kikubaaqudgha
Makhleb
Nemelex Xobeh
Okawaru
Qazlal
Ru
Sif Muna
Trog
Uskayaw
Vehumet
Wu Jian
Xom
Yredelemnul
Zin
The Shining One
Beogh
Jiyva

Shops:
D:1 ?   D:2 =   D:6 *   D:12 ?   D:13 (   Orc:2 !*[(   Snake:3 *:   Vaults:2 [
Vaults:3 *   Zot:2 *   Depths:1 ?:   Depths:3 ::=   Depths:4 *

Portals:
Hell: Depths:1 Depths:2 Depths:3 Depths:4
Abyss: Depths:2 Depths:3 Depths:4
Pandemonium: Depths:2

Annotations:
Snake:2 1 runed translucent door, jasper's ghost, adept MDFi
Elf:2 3 runed translucent doors


Innate Abilities, Weirdness & Mutations

Your life essence is reduced to manifest your ancestor. (-10% HP)
You are amphibious.
You cover ground slowly.
You can hop long distances.
You have an extended range of vision and can be seen from far away.
You are agile. (Dex +4, Str/Int -1)
You possess an exceptional clarity of mind.
Your spells are a little harder to cast, but a little more powerful.
You occasionally lose the ability to read scrolls when taking damage.


Message History

You kill the Ice Fiend!
No target in view!
What level of the Dungeon? (default 1, ? - help)
An Orb Guardian comes into view.
You shoot an arrow. The arrow hits the Orb Guardian!!!
You drain the Orb Guardian!
The Orb Guardian is almost dead.
You shoot an arrow. The arrow hits the Orb Guardian!
The Orb Guardian is almost dead.
You shoot an arrow. The arrow hits the Orb Guardian.
You kill the Orb Guardian!
No target in view!
There are no items here.
What level of the Dungeon? (default 1, ? - help)
A Hafos, an ice devil and an orange demon come into view.
Press: ? - help, v - describe, . - travel
Here: Hafos The floor.
Blink to where?
Press: ? - help, Dir - move target
As you read the scroll of blinking, it crumbles to dust.
Hafos moves out of view.
The ice devil moves out of view.
The orange demon moves out of view.
There is a stone staircase leading up here.
You fly upwards.
There is a stone staircase leading down here.
Meatshield is recalled.
You swap places.
There is a stone staircase leading up here.
You fly upwards.
There is a stone staircase leading down here.
What level of the Dungeon? (default 1, ? - help)
You swap places.
You see here a frilled lizard skeleton.
There is a stone staircase leading up here.
You fly upwards.
There is a stone staircase leading down here.
There is an open door here.
There is a staircase leading out of the dungeon here.
You have escaped!

.................##.#......#####.
..............................##.
........###..~♣♣♣♣♣~..####....##.
##......###.~~≈♣♣≈≈~~...########.
#........#.♣♣~~~~~≈♣............
##........#.♣≈~~~~~♣♣.#.#########
#.........#.♣≈~~~~~≈♣.#.#
..##........♣♣~~~~~♣♣.#.#
..#....#....♣≈~~@~~≈♣.#.###
..#....##...♣≈~~R~~♣♣.#...#
..'.........♣≈~~~~~≈♣.###.#
..#.........♣♣~~~~~≈♣.# #.#####
..#.##......♣♣~~~~~♣♣.# #.....#
..#.#.....##~~♣≈≈♣♣~~.# #####.#
.##.#.....'..~♣♣♣♣♣~..# #.#
###.......#.### ###.#######.#
..........#.# #.........#


You could see the friendly Meatshield the knight (reflecting).

Vanquished Creatures
  the Royal Jelly (Slime:5)
  A seraph (Zot:4)
  8 orbs of fire (Zot:5)
  An ancient lich (Zot:5)
  4 dread liches
  Mara (Depths:1)
  Bai Suzhen (Vaults:3)
  5 Killer Klowns
  Saint Roka (Vaults:3)
  4 curse toes
  10 golden dragons
  A bone dragon (Depths:4)
  5 electric golems
  Rupert (D:14)
  14 tentacled monstrosities
  26 Orb Guardians
  3 Ice Fiends
  A Hell Sentinel (D:15)
  A walking divine tome (Depths:2)
  A titan (Depths:3)
  A walking earthen tome (Depths:3)
  6 liches
  9 quicksilver dragons
  4 sphinxes (Vaults:3)
  13 acid blobs
  2 deep elf master archers (Elf:3)
  7 death cobs
  Gastronok (Lair:2)
  8 storm dragons
  2 tengu reavers
  5 thorn hunters
  3 protean progenitors
  4 fire giants
  3 shadow dragons
  16 azure jellies
  4 draconian monks
  An iron dragon (Depths:3)
  4 draconian knights
  A fenstrider witch (Swamp:1)
  5 frost giants
  6 nagarajas
  8 rockslimes
  5 draconian shifters
  6 deep elf sorcerers
  3 ghost moths
  5 vault wardens
  An angel (Zot:4)
  A draconian scorcher (Zot:2)
  4 draconian stormcallers
  The ghost of Jout the Spry, an adept FeEE of Gozag (Swamp:2)
  6 deep elf elementalists
  A ghoul (Swamp:1)
  7 orc warlords
  7 quicksilver oozes
  A reaper (Depths:2)
  13 ironbound preservers
  14 very ugly things
  9 stone giants
  5 draconian annihilators
  5 formless jellyfish
  The ghost of Afosuck the Cleaver, a journeyman HOFi of Gozag (D:13)
  9 green draconians
  10 black draconians
  2 ironbound thunderhulks
  8 white draconians
  4 vampire knights
  6 eleionomae
  5 deep elf death magi (Elf:3)
  11 deep elf demonologists
  13 red draconians
  2 bennus (Zig:4)
  A lorocyproca (D:9)
  5 purple draconians
  12 yellow draconians
  12 dire elephants
  4 bunyips
  9 deep elf annihilators
  Azrael (D:15)
  6 spark wasps
  5 ettins
  A crystal guardian (D:15)
  2 green deaths
  6 jiangshi (Depths:1)
  2 shambling mangroves
  9 fire dragons
  7 yaktaur captains
  An entropy weaver (Vaults:2)
  3 deep elf high priests (Elf:3)
  9 vault guards
  Harold (Orc:1)
  12 hydras
  11 great orbs of eyes
  5 rakshasas
  6 spriggan air magi
  A spectral sphinx (D:13)
  A sphinx zombie (Zig:3)
  2 hell beasts (Depths:1)
  11 centaur warriors
  A peacekeeper (Vaults:4)
  6 ice dragons
  11 alligators
  2 catoblepae
  2 salamander tyrants
  6 ironbound frosthearts
  An ogre mage (D:15)
  3 ghost crabs
  4 boulder beetles
  15 anacondas
  6 two-headed ogres
  Erica (Lair:1)
  9 dancing weapons
  4 tengu warriors
  5 deep troll shamans
  5 death yaks
  6 orc high priests
  4 vampire magi
  3 shock serpents
  10 deep troll earth magi
  14 naga warriors
  6 occultists
  4 spriggan berserkers
  22 naga sharpshooters
  Urug (Orc:1)
  2 sun demons
  A shock serpent (shapeshifter) (D:15)
  6 iron trolls
  3 hell knights
  6 deep elf knights
  5 salamander mystics
  Nergalle (Orc:1)
  A death drake (Swamp:1)
  13 mana vipers
  4 skysharks
  2 shadow wraiths (Vaults:3)
  The ghost of dialectric the Nimble, a novice SpBr of Makhleb (D:11)
  9 spriggan druids
  5 glowing orange brains
  3 goliath frogs
  3 bog bodies
  3 flayed ghosts
  A glowing orange brain (shapeshifter) (Depths:2)
  7 ironbound convokers
  A sun moth (shapeshifter) (Depths:2)
  12 swamp dragons
  61 deep trolls
  2 phantasmal warriors (D:15)
  14 deep elf archers
  10 arcanists
  16 orc knights
  5 obsidian statues
  8 naga ritualists
  3 orange crystal statues
  20 deep elf pyromancers
  4 lindwurms
  5 necromancers
  5 harpies
  12 deep elf zephyrmancers
  A sphinx simulacrum (Vaults:2)
  9 orc sorcerers
  3 manticores
  33 ugly things
  A shining eye (Slime:3)
  6 will-o-the-wisps
  A mana viper (shapeshifter) (Depths:3)
  6 meliai (D:14)
  26 salamanders
  A kobold blastminer (Orc:2)
  12 moths of wrath
  4 cyclopes
  2 spectral centaurs (D:13)
  3 elephants
  A large abomination (Zot:1)
  A toenail golem (Depths:3)
  A frost giant zombie (Vaults:2)
  29 black mambas
  A frost giant skeleton (Vaults:2)
  A rust devil (D:15)
  A smoke demon (Depths:1)
  12 vault sentinels
  Joseph (D:8)
  3 ice statues
  4 molten gargoyles
  An eye of devastation (Slime:4)
  20 naga magi
  5 guardian serpents
  A human skeleton (Vaults:2)
  3 gargoyles
  Jeremiah (D:7)
  14 cane toads
  2 cane toads (shapeshifter)
  2 unseen horrors
  16 komodo dragons
  16 yaktaurs
  13 tengu conjurers
  An ice devil (Depths:1)
  4 rime drakes
  3 efreet
  5 kobold demonologists
  A hellion (Depths:1)
  A freezing wraith (Vaults:1)
  A human zombie (Vaults:2)
  2 guardian mummies
  A tormentor (Depths:1)
  A wind drake (D:15)
  2 polar bears (Lair:5)
  12 trolls
  9 hornets
  2 wolf spider simulacra (D:15)
  2 bloated husks
  4 tyrant leeches
  A raiju (D:15)
  Prince Ribbit (D:8)
  Grinder (D:5)
  23 blink frogs
  2 glass eyes
  A glass eye (shapeshifter) (Depths:3)
  88 slime creatures
  18 spriggans
  An ettin zombie (Vaults:2)
  4 water elementals
  A jumping spider (Vaults:2)
  2 shadows (D:10)
  A centaur simulacrum (D:13)
  4 ynoxinuls
  8 air elementals
  16 wyverns
  8 yaks
  3 vampires
  A basilisk (shapeshifter) (D:15)
  8 wargs
  9 fire elementals
  2 neqoxecs (Depths:1)
  4 redbacks
  8 basilisks
  7 vampire mosquitoes
  A chaos spawn (Depths:1)
  4 steam dragons
  A naga (shapeshifter) (D:15)
  36 nagas
  16 swamp worms
  A hydra simulacrum (Lair:3)
  3 acid dragons
  Duvessa (D:5)
  23 water moccasins
  A spectral hornet (D:13)
  2 meliai simulacra (D:15)
  7 hell hounds
  8 swamp drakes
  3 ice beasts
  2 sky beasts
  42 orc warriors
  6 black bears
  A laughing skull (D:8)
  13 ogres
  3 boggarts (Vaults:1)
  5 wolves (Lair:1)
  4 centaurs
  2 phantoms
  11 kobold brigands
  11 bullfrogs
  2 earth elementals
  A scorpion (D:3)
  2 glowing shapeshifter simulacra (Vaults:2)
  2 gnoll sergeants
  Dowan (D:5)
  15 wights
  18 killer bees
  7 vampire bats (Bailey)
  6 wolf zombies (Bailey)
  2 electric eels (Lair:5)
  5 lava snakes
  11 howler monkeys
  A komodo dragon simulacrum (Lair:3)
  A wyvern simulacrum (Lair:3)
  2 hounds
  A bombardier beetle (D:5)
  5 jellies
  A gnoll bouda (D:7)
  27 orc priests
  A sleepcap (D:6)
  3 iguanas
  14 orc wizards
  5 hell rats (Lair:1)
  A yak simulacrum (Lair:3)
  A bullfrog simulacrum (Lair:3)
  2 mummies (Zig:4)
  12 gnolls
  6 adders
  A shadow imp (D:6)
  14 white imps
  2 ufetubi (D:6)
  A ribbon worm (D:4)
  3 dart slugs
  90 orcs
  7 ball pythons
  10 endoplasms
  4 giant cockroaches
  4 goblins
  9 hobgoblins
  6 jackals
  3 quokkas
  5 bats
  3 frilled lizards
  17 kobolds
  22 orc zombies (Bailey)
  7 rats
  An aspiring flesh (Zot:2)
2019 creatures vanquished.

Vanquished Creatures (collateral kills)
  An ancient lich (Zot:5)
  A Head Instructor (WizLab)
  An Ice Fiend (D:9)
  4 tentacled monstrosities
  4 liches
  An Orb Guardian (Zot:5)
  A quicksilver dragon (Zot:3)
  3 acid blobs
  A sphinx (Vaults:4)
  2 death cobs
  2 shadow dragons
  2 rockslimes (Slime:5)
  An azure jelly (Slime:5)
  A draconian shifter (Zot:3)
  A deep elf elementalist (Elf:3)
  A frost giant (Depths:2)
  3 draconian scorchers
  A vault warden (Vaults:3)
  2 ironbound preservers (Vaults:2)
  An orc warlord (Vaults:2)
  2 draconian stormcallers (Zot:2)
  4 very ugly things
  A caustic shrike skeleton (Zig:3)
  A formless jellyfish (Vaults:4)
  4 stone giants
  2 green draconians
  3 red draconians
  3 yellow draconians
  A vampire knight (Depths:4)
  A purple draconian (Zot:2)
  A lorocyproca (Zot:3)
  2 bunyips (Lair:2)
  5 dire elephants
  A spark wasp (Depths:2)
  3 white draconians
  A yaktaur captain (Vaults:3)
  An ettin (Vaults:3)
  An entropy weaver (Vaults:3)
  A great orb of eyes (Vaults:1)
  2 hydras (Swamp:4)
  A hell beast (Depths:1)
  2 spriggan air magi (Depths:1)
  A ghost crab (Swamp:1)
  2 anacondas
  An alligator (Swamp:4)
  A boulder beetle (D:12)
  A naga warrior (Snake:4)
  A deep troll earth mage (Depths:2)
  2 death yaks (Lair:1)
  2 deep troll shamans
  An orc high priest (Orc:2)
  2 naga sharpshooters
  A crystal echidna (Zig:1)
  A shock serpent (Snake:1)
  2 deep elf knights
  A fire crab (D:15)
  An iron troll (Depths:1)
  A goliath frog (Swamp:4)
  A hell knight (Depths:4)
  6 deep trolls
  2 arcanists
  A mana viper (WizLab)
  A naga ritualist (Snake:4)
  2 deep elf pyromancers (Elf:1)
  A deep elf zephyrmancer (Elf:1)
  5 orc knights
  A frost giant zombie (Zig:4)
  3 salamanders
  A cyclops (Orc:2)
  A cyclops (shapeshifter) (Depths:4)
  6 ugly things
  5 black mambas
  A guardian serpent (Snake:1)
  A naga mage (Snake:3)
  A centaur zombie (D:13)
  A hellion (Zig:1)
  2 yaktaurs
  2 kobold demonologists (D:9)
  A rime drake (Lair:3)
  A komodo dragon (Lair:4)
  A red devil (Depths:1)
  A hornet (Swamp:3)
  A shadow dragon simulacrum (Vaults:2)
  2 blink frogs
  A glass eye (Slime:5)
  24 slime creatures
  2 centaur simulacra (D:13)
  An ushabti (Zig:4)
  A water elemental (D:15)
  2 spriggans
  A dire elephant simulacrum (Lair:3)
  A fire elemental (D:15)
  A basilisk (Lair:4)
  A wraith (D:13)
  A chaos spawn (Depths:1)
  A human simulacrum (Vaults:2)
  A naga (Snake:3)
  2 water moccasins
  A hell hound (D:15)
  10 orc warriors
  3 swamp drakes
  2 ogres (Orc:2)
  2 boggarts (Vaults:1)
  A kobold brigand (D:11)
  A bullfrog (Lair:3)
  An earth elemental (Elf:2)
  A water moccasin simulacrum (Lair:3)
  5 orc priests
  3 orc wizards (Orc:2)
  2 mummies (Zig:4)
  2 gnolls (D:10)
  19 orcs
  3 butterflies
245 creatures vanquished.

Vanquished Creatures (others)
  A draconian knight (Zot:2)
  A stone giant (Depths:2)
  An occultist (WizLab)
  A deep elf zephyrmancer (Elf:1)
  An ugly thing (D:15)
  3 yaktaurs
  A bloated husk (Swamp:1)
  A slime creature (D:14)
  2 vampire mosquitoes (Swamp:1)
  A kobold brigand (D:11)
  28 knights
  2 ancestors
  23 foxfires
66 creatures vanquished.

Grand Total: 2330 creatures vanquished

Notes
Turn   | Place    | Note
-------+----------+-------------------------------------------
     0 | D:1      | AutarchDCSS the Barachi Hexslinger began the quest for the
                  | Orb.
     0 | D:1      | Reached XP level 1. HP: 15/15 MP: 2/2
    55 | D:1      | Reached XP level 2. HP: 22/22 MP: 3/3
   161 | D:1      | Reached XP level 3. HP: 27/27 MP: 4/4
   671 | D:1      | Found Timihim Cive's Magic Scroll Boutique.
   876 | D:2      | Learned a level 2 spell: Jinxbite
   887 | D:2      | Found Hyaqy's Jewellery Shoppe.
   946 | D:2      | Reached XP level 4. HP: 26/34 MP: 1/5
  1243 | D:2      | Found a faded altar of an unknown god.
  1282 | D:2      | Got Plato's Writings on the Sphinx
  1372 | D:2      | Got Jicram's Discourse on the Fettered Map
  1758 | D:3      | Reached XP level 5. HP: 27/41 MP: 3/6
  2064 | D:3      | Found an ancient bone altar of Kikubaaqudgha.
  2064 | D:3      | Found a stormy altar of Qazlal.
  2333 | D:3      | Reached skill level 5 in Ranged Weapons
  2485 | D:3      | Reached XP level 6. HP: 45/48 MP: 7/7
  2775 | D:4      | Found a broken altar of Ashenzari.
  3247 | D:4      | Identified a scroll of acquirement
  3248 | D:4      | Acquired the +9 arbalest of Opnup {speed, rPois rC- Dex-5
                  | SInv}
  3296 | D:5      | Entered Level 5 of the Dungeon
  3318 | D:5      | Noticed Duvessa
  3318 | D:5      | Noticed Dowan
  3725 | D:5      | Killed Duvessa
  3726 | D:5      | Reached skill level 5 in Fighting
  3726 | D:5      | Reached XP level 7. HP: 56/56 MP: 8/8
  3728 | D:5      | Killed Dowan
  4254 | D:5      | Noticed Grinder
  4262 | D:5      | Reached XP level 8. HP: 62/64 MP: 9/9
  4262 | D:5      | Paralysed by Grinder for 3 turns
  4272 | D:5      | Killed Grinder
  4542 | D:6      | Found Vamamaab's Assorted Antiques.
  5138 | D:6      | Found a shadowy altar of Dithmenos.
  5418 | D:7      | Reached skill level 10 in Ranged Weapons
  5428 | D:7      | Reached XP level 9. HP: 69/69 MP: 10/10
  5451 | D:7      | Found a staircase to the Ecumenical Temple.
  5460 | Temple   | Entered the Ecumenical Temple
  5465 | Temple   | Became a worshipper of Hepliaklqana the Forgotten
  5509 | D:7      | Noticed Jeremiah
  5543 | D:7      | Killed Jeremiah
  5783 | D:7      | Found a hide-covered altar of Uskayaw.
  6456 | D:8      | Noticed Joseph
  6539 | D:8      | Found a flagged portal.
  6549 | Bailey   | Entered a bailey
  6623 | Bailey   | Reached skill level 5 in Dodging
  6671 | Bailey   | Noticed a gargoyle
  6675 | Bailey   | Killed a gargoyle
  6807 | Bailey   | Reached XP level 10. HP: 76/76 MP: 11/11
  7246 | D:8      | Noticed a two-headed ogre
  7248 | D:8      | Noticed a manticore
  7635 | D:8      | Killed Joseph
  7715 | D:8      | Noticed Prince Ribbit
  7718 | D:8      | Killed Prince Ribbit
  7994 | D:8      | Reached XP level 11. HP: 70/81 MP: 12/12
  8363 | D:8      | Reached skill level 15 in Ranged Weapons
  8541 | D:8      | Killed a two-headed ogre
  8858 | D:8      | Killed a manticore
  9829 | D:9      | Reached * piety under Hepliaklqana
  9867 | D:9      | Noticed a two-headed ogre
  9873 | D:9      | Killed a two-headed ogre
 10205 | D:9      | Found a staircase to the Orcish Mines.
 10212 | D:9      | Found a roughly hewn altar of Beogh.
 10309 | D:9      | Found an opulent altar of Gozag.
 10314 | D:9      | Found a snail-covered altar of Cheibriados.
 10581 | D:10     | Entered Level 10 of the Dungeon
 10595 | D:10     | Found a staircase to the Lair.
 10783 | D:10     | Reached XP level 12. HP: 79/79 MP: 13/13
 10972 | D:10     | Noticed a two-headed ogre
 10977 | D:10     | Killed a two-headed ogre
 11119 | D:10     | Reached ** piety under Hepliaklqana
 11120 | D:10     | Remembered your ancestor Meatshield as a knight
 11608 | D:11     | Noticed a boulder beetle
 11625 | D:11     | Killed a boulder beetle
 12285 | D:11     | Found a runed translucent gate.
 12285 | D:11     | Found a runed translucent gate.
 12285 | D:11     | Found a runed translucent gate.
 12287 | D:11     | Noticed dialectric's ghost (novice SpBr)
 12746 | Lair:1   | Entered Level 1 of the Lair of Beasts
 12979 | Lair:1   | Noticed Erica
 12986 | Lair:1   | Killed Erica
 13191 | Lair:1   | Reached *** piety under Hepliaklqana
 13192 | Lair:1   | Noticed a catoblepas
 13230 | Lair:1   | Killed a catoblepas
 13441 | Lair:1   | Noticed an eight-headed hydra
 13449 | Lair:1   | Killed an eight-headed hydra
 13450 | Lair:1   | Gained mutation: You can hop long distances. [Barachi
                  | growth]
 13450 | Lair:1   | Reached XP level 13. HP: 90/90 MP: 14/14
 14191 | Lair:1   | Reached skill level 10 in Fighting
 14199 | Lair:1   | Reached skill level 10 in Dodging
 14199 | Lair:1   | Reached skill level 1 in Armour
 14645 | Lair:1   | Reached skill level 5 in Armour
 14766 | Lair:2   | Noticed Gastronok
 14781 | Lair:2   | Killed Gastronok
 14819 | Lair:2   | Found a staircase to the Swamp.
 15016 | Lair:2   | Identified the +1 robe "Hoaph" {rPois Dex+5}
 15176 | Lair:2   | Reached skill level 10 in Armour
 15572 | Lair:3   | Reached skill level 1 in Invocations
 15646 | Lair:3   | Reached **** piety under Hepliaklqana
 15834 | Lair:3   | Found a transporter.
 15835 | Lair:3   | Found the +3 Mad Mage's Maulers {Infuse+∞ VampMP -Cast}
 15992 | Lair:3   | Reached XP level 14. HP: 99/99 MP: 17/17
 16110 | Lair:3   | Reached skill level 5 in Invocations
 16115 | Lair:3   | Found a staircase to the Snake Pit.
 16218 | Lair:3   | Found a transporter.
 16491 | Lair:4   | Learned a level 2 spell: Blink
 16624 | Lair:4   | Found a staircase to the Slime Pits.
 16626 | Lair:4   | Found a viscous altar of Jiyva.
 16737 | Lair:4   | Acquired the ring of Xytohatt {rElec rPois rF+++ Int+6
                  | Dex-2}
 17095 | Lair:5   | Entered Level 5 of the Lair of Beasts
 17228 | Lair:5   | Reached ***** piety under Hepliaklqana
 18463 | Lair:5   | Found a large runed translucent door.
 18463 | Lair:5   | Found a large runed translucent door.
 18992 | Lair:5   | Acquired a manual of Ranged Weapons
 19172 | Orc:1    | Entered Level 1 of the Orcish Mines
 19172 | Orc:1    | Noticed Harold
 19184 | Orc:1    | Killed Harold
 19384 | Orc:1    | Noticed an orc warlord
 19386 | Orc:1    | Noticed Urug
 19402 | Orc:1    | Killed an orc warlord
 19412 | Orc:1    | Killed Urug
 19593 | Orc:1    | Noticed Nergalle
 19593 | Orc:1    | Noticed an orc warlord
 19607 | Orc:1    | Killed Nergalle
 19608 | Orc:1    | Reached XP level 15. HP: 107/110 MP: 19/19
 19615 | Orc:1    | Killed an orc warlord
 20022 | Orc:2    | Entered Level 2 of the Orcish Mines
 20611 | Orc:2    | Found a roughly hewn altar of Beogh.
 20751 | Orc:2    | Found Saniaxag's Weapon Emporium.
 20763 | Orc:2    | Found Letuf's Antique Armour Shoppe.
 21484 | Orc:2    | Identified the +7 halberd "Afrann" {pain, Int+3}
 21551 | Orc:2    | Found a staircase to the Elven Halls.
 21675 | Orc:2    | Noticed an orc warlord
 21683 | Orc:2    | Killed an orc warlord
 21711 | Orc:2    | Found a roughly hewn altar of Beogh.
 21808 | Orc:2    | Found Myneosh's Distillery.
 21883 | Orc:2    | Found Ytaurash's Assorted Antiques.
 21893 | Orc:2    | Bought a pair of boots for 112 gold pieces
 21899 | Orc:2    | Bought a scroll of teleportation for 75 gold pieces
 21899 | Orc:2    | Bought a scroll of teleportation for 75 gold pieces
 22045 | D:12     | Reached ****** piety under Hepliaklqana
 22178 | D:12     | Found Ryajasue's Magic Scroll Emporium.
 22181 | D:12     | Identified the +1 dagger "Maodgh" {venom, rPois rF+ Dex+2
                  | Stlth+}
 22206 | D:12     | Reached skill level 15 in Fighting
 22797 | D:12     | Bought a scroll of fog for 72 gold pieces
 22798 | D:12     | Bought a scroll of identify for 36 gold pieces
 22798 | D:12     | Bought a scroll of identify for 36 gold pieces
 23221 | D:13     | Found Maicaopi's Firing Range.
 23311 | D:13     | Found a runed translucent gate.
 23311 | D:13     | Found a runed translucent gate.
 23311 | D:13     | Found a runed translucent gate.
 23314 | D:13     | Noticed Afosuck's ghost (journeyman HOFi)
 23384 | D:14     | Found a sparkling altar of Nemelex Xobeh.
 23488 | D:14     | Found a portal to a secret trove of treasure.
 23697 | D:14     | Reached skill level 15 in Dodging
 23715 | D:14     | Reached XP level 16. HP: 100/124 MP: 20/20
 23756 | D:14     | Noticed Rupert
 24017 | D:14     | Killed Rupert
 24164 | D:14     | Found a gate to the Vaults.
 24709 | Snake:1  | Entered Level 1 of the Snake Pit
 25846 | Snake:2  | Acquired the +3 pair of gloves of Hadjma {Harm rElec rCorr}
 25979 | Snake:2  | Noticed a nagaraja
 25989 | Snake:2  | Killed a nagaraja
 26090 | Snake:2  | Noticed a nagaraja
 26105 | Snake:2  | Killed a nagaraja
 26243 | Snake:2  | Found a runed translucent door.
 26244 | Snake:2  | Found a shimmering altar of Xom.
 26244 | Snake:2  | Identified the +9 battleaxe of the Known World {chaos,
                  | Will+}
 26244 | Snake:2  | Noticed jasper's ghost (adept MDFi)
 26510 | Snake:3  | Reached XP level 17. HP: 135/135 MP: 21/21
 26541 | Snake:3  | Found Cidghuwn's Globular Garage.
 27000 | Snake:3  | Found Reeneal's Book Emporium.
 27682 | Snake:4  | Entered Level 4 of the Snake Pit
 28782 | Snake:4  | Found a shimmering blue altar of Sif Muna.
 30057 | Snake:4  | Reached XP level 18. HP: 145/145 MP: 22/22
 30764 | Snake:4  | Got a serpentine rune of Zot
 31310 | D:2      | Bought a ring of protection from cold for 325 gold pieces
 31550 | Swamp:1  | Entered Level 1 of the Swamp
 33780 | Swamp:1  | Identified the +11 war axe of the Pure Scars {heavy, *Rage
                  | Will+ SInv}
 33793 | Swamp:1  | Noticed a tentacled monstrosity
 33795 | Swamp:1  | Noticed a tentacled monstrosity
 33795 | Swamp:1  | Noticed a tentacled monstrosity
 33797 | Swamp:1  | Found a transporter.
 33797 | Swamp:1  | Found a transporter.
 34153 | Swamp:1  | Identified the +3 flail of Okawaru's Reproof {antimagic,
                  | rC- rN+ Int+3 Dex+6}
 34307 | Swamp:1  | Identified the +5 long sword of the Goat {spect, rC+ Will-
                  | Str-5 Dex+6}
 34578 | Swamp:2  | Reached skill level 1 in Evocations
 34873 | Swamp:2  | Found a runed translucent door.
 34874 | Swamp:2  | Noticed Jout's ghost (adept FeEE)
 35385 | Swamp:2  | Killed Jout's ghost
 35393 | Swamp:2  | Identified the amulet "Vethriv" {Faith Str+3}
 35397 | Swamp:2  | Got Sif Muna's Grimoire of Bones
 35811 | Swamp:3  | Reached skill level 5 in Evocations
 36099 | Swamp:4  | Entered Level 4 of the Swamp
 36626 | Swamp:4  | Reached XP level 19. HP: 152/152 MP: 23/23
 36820 | Swamp:4  | Reached skill level 10 in Evocations
 37212 | Swamp:4  | Got a decaying rune of Zot
 37569 | D:15     | Entered Level 15 of the Dungeon
 37738 | D:14     | You paid a toll of a +4 demon blade to enter a treasure
                  | trove
 37739 | Trove    | Entered a treasure trove
 37746 | Trove    | Identified the +5 kite shield of Theory {Fly Int+2}
 37760 | Trove    | Identified the ring of False Hope {+Blink rF+ rC+ Dex+3}
 37921 | Vaults:1 | Entered Level 1 of the Vaults
 38068 | Vaults:1 | Found a magical portal.
 38078 | WizLab   | Entered Yara's Duelist Academy
 39404 | WizLab   | Noticed Zun Noips
 39409 | WizLab   | Killed Zun Noips the Head Instructor
 40723 | D:2      | Bought a ring of willpower for 325 gold pieces
 40964 | Elf:1    | Entered Level 1 of the Elven Halls
 41241 | Elf:1    | Reached XP level 20. HP: 154/158 MP: 24/24
 41298 | Elf:1    | You fall into a shaft and drop 1 floor!
 41757 | Elf:1    | Identified the +6 bardiche "Zuclemot" {flame, *Rage rElec
                  | rCorr}
 42077 | Elf:1    | Paralysed by an air elemental for 1 turns
 42262 | Elf:2    | Identified the +0 plate armour of Seph {Str+3}
 43593 | Vaults:2 | Identified the ring "Nurr" {Fly rC+ rCorr Str+3 Dex+6}
 43805 | Vaults:2 | Found Cexomin's Antique Armour Shop.
 44757 | Vaults:2 | Reached XP level 21. HP: 152/165 MP: 25/25
 45171 | D:13     | Killed Afosuck's ghost
 45262 | D:11     | Killed dialectric's ghost
 45759 | Lair:3   | Identified the staff of Rithro Edos {rF+ Str+6 Int-4 Dex-5
                  | Necro Fire}
 46183 | Vaults:3 | Noticed Saint Roka
 46196 | Vaults:3 | Killed Saint Roka
 46547 | Vaults:3 | Found a transporter.
 46547 | Vaults:3 | Found Ycomekut's General Store.
 46551 | Vaults:3 | Found a transporter.
 46717 | Vaults:3 | Noticed Bai Suzhen
 46725 | Vaults:3 | Killed Bai Suzhen
 46840 | Vaults:3 | Learned a level 3 spell: Swiftness
 47103 | Vaults:3 | Found a staircase to the Crypt.
 47103 | Vaults:3 | Found an ancient bone altar of Kikubaaqudgha.
 47103 | Vaults:3 | Found a basalt altar of Yredelemnul.
 47256 | Vaults:3 | Noticed a dread lich
 47274 | Vaults:3 | Killed a dread lich
 47343 | Vaults:3 | Identified the +1 battleaxe "Killer Klown's Death" {venom,
                  | rC++ Will+ rCorr}
 48555 | Vaults:4 | Reached XP level 22. HP: 178/178 MP: 26/26
 49318 | D:15     | Found a staircase to the Depths.
 49341 | D:15     | Identified the staff "Worm's Wrath" {rF+ Necro Fire}
 49408 | D:15     | Noticed Azrael
 49430 | D:15     | Killed Azrael
 49460 | D:15     | Reached skill level 1 in Stealth
 49777 | Depths:1 | Entered Level 1 of the Depths
 50907 | Depths:1 | Reached skill level 5 in Stealth
 50953 | Depths:1 | Got the Tractate on the Blustery Pestle
 50977 | Depths:1 | Found a shimmering blue altar of Sif Muna.
 51046 | Depths:1 | Identified the +3 quarterstaff of Hoytok {drain, rElec
                  | Str+4 Int+2}
 51080 | Depths:1 | Noticed a dread lich
 51084 | Depths:1 | Noticed a dread lich
 51085 | Depths:1 | Killed a dread lich
 51094 | Depths:1 | Killed a dread lich
 51127 | Depths:1 | Got the Directory of Chilblains and Remains
 51222 | Depths:1 | Noticed a dread lich
 51275 | Depths:1 | Found Lutoph's Magic Scroll Boutique.
 51277 | Depths:1 | Found Itoiwn's Book Shop.
 51285 | Depths:1 | Bought a scroll of blinking for 82 gold pieces
 51285 | Depths:1 | Bought a scroll of summoning for 104 gold pieces
 51285 | Depths:1 | Bought a scroll of teleportation for 33 gold pieces
 51285 | Depths:1 | Bought a scroll of teleportation for 33 gold pieces
 51285 | Depths:1 | Bought a scroll of blinking for 82 gold pieces
 51307 | Depths:1 | Found a one-way gateway to a ziggurat.
 51457 | Depths:1 | Found a gateway to Hell.
 51601 | Depths:1 | Killed a dread lich
 51602 | Depths:1 | Reached XP level 23. HP: 188/188 MP: 27/27
 51757 | Depths:2 | Noticed Mara
 51939 | Depths:2 | Found a one-way gate to the infinite horrors of the Abyss.
 51946 | Depths:2 | Noticed AutarchDCSS's illusion
 52004 | Depths:1 | Noticed AutarchDCSS's illusion
 52560 | Depths:1 | Killed Mara
 53383 | Depths:2 | Noticed a golden dragon
 53854 | Depths:2 | Killed a golden dragon
 54180 | Depths:2 | Reached skill level 10 in Stealth
 54206 | Depths:2 | Identified the amulet of Midduabb {Acrobat Will++ Int-3
                  | Dex+3}
 54603 | Elf:2    | Found a runed translucent gate.
 54603 | Elf:2    | Found a runed translucent gate.
 54604 | Elf:2    | Found a runed translucent gate.
 55189 | Elf:3    | Entered Level 3 of the Elven Halls
 55448 | Elf:3    | Reached skill level 1 in Translocations
 55448 | Elf:3    | Reached skill level 1 in Air Magic
 56311 | Elf:3    | Reached skill level 5 in Spellcasting
 56750 | Elf:3    | Identified the ring "Georch Ohian" {Ice Dex+4}
 57071 | Elf:3    | Found the +2 cloak of the Thief {*Fog Slay-2 SInv Stlth+}
 57131 | Elf:3    | Identified the +0 robe "Qeze" {Fly rElec rPois}
 57236 | Elf:3    | Identified the storm talisman of Rationality {rN+ Dex+4}
 58053 | Depths:2 | Identified the +2 pair of gloves of Fashionability {rF+}
 58326 | Depths:2 | Found an ornate altar of the Wu Jian Council.
 58359 | Depths:2 | Found a one-way gate leading to the halls of Pandemonium.
 58533 | Depths:2 | Identified the +5 bardiche "Donleoga" {freeze, rElec rF+
                  | rCorr Str+3}
 58595 | Depths:3 | Found a flickering gateway to a bazaar.
 58601 | Bazaar   | Entered a bazaar
 58602 | Bazaar   | Found Mijazisez's Weapon Boutique.
 58608 | Bazaar   | Found Vico's Jewellery Boutique.
 58630 | Bazaar   | Found Wohobugo's Antique Weapon Emporium.
 58634 | Bazaar   | Found Cufetu's Book Shop.
 58645 | Bazaar   | Found Ebbune Codd's General Store.
 58655 | Bazaar   | Bought a scroll of teleportation for 21 gold pieces
 58655 | Bazaar   | Bought a scroll of enchant armour for 52 gold pieces
 58655 | Bazaar   | Bought a potion of haste for 70 gold pieces
 58878 | Depths:3 | Reached XP level 24. HP: 195/195 MP: 32/32
 59043 | Depths:3 | Found Wauw's Book Shop.
 59044 | Depths:3 | Found Godaazos's Jewellery Emporium.
 59060 | Depths:3 | Found Agovvych's Book Shop.
 59070 | Depths:3 | Bought a manual of Evocations for 1600 gold pieces
 59791 | Depths:4 | Entered Level 4 of the Depths
 59865 | Depths:4 | Found Qiovvel's Assorted Antiques.
 59873 | Depths:4 | Bought a scroll of acquirement for 1196 gold pieces
 59873 | Depths:4 | Acquired the +3 pair of gloves "Noanaili" {Harm rCorr Str+2
                  | Dex+3}
 60667 | Depths:3 | Reached skill level 15 in Armour
 61147 | Depths:4 | Found a gate to the Realm of Zot.
 61748 | Slime:1  | Entered Level 1 of the Pits of Slime
 64752 | Slime:5  | Entered Level 5 of the Pits of Slime
 65546 | Slime:5  | Reached XP level 25. HP: 200/200 MP: 32/32
 66105 | Slime:5  | Noticed the Royal Jelly
 66112 | Slime:5  | Killed the Royal Jelly
 66384 | Slime:5  | Identified the +10 rapier "Reov" {pain, rF+}
 66404 | Slime:5  | Got the Folio of the Lofty Icicle
 66421 | Slime:5  | Found the +1 eveningstar "Brilliance" {foul flame, Halo}
 66448 | Slime:5  | Identified the +11 mace "Gyzagoma" {freeze, rElec}
 66458 | Slime:5  | Got a slimy rune of Zot
 66464 | Slime:5  | Identified the amulet of Ninum {Acrobat Will+ Dex+2 Slay-2}
 66514 | Slime:5  | Got Ceofakko's Compilation of the Maleficium
 66719 | Slime:5  | Acquired 933 gold pieces
 67276 | Zig:1    | Entered Level 1 of a ziggurat
 67493 | Zig:2    | Entered Level 2 of a ziggurat
 67516 | Zig:3    | Entered Level 3 of a ziggurat
 67573 | Zig:3    | Identified the +7 longbow of the Wilderness {drain, rN+
                  | Dex+3}
 67618 | Zig:4    | Entered Level 4 of a ziggurat
 67668 | Zig:4    | Identified the ring "Keajiah" {Will+ Str+3 Dex+4 SInv}
 67765 | Zot:1    | Entered Level 1 of the Realm of Zot
 68817 | Swamp:1  | Identified the amulet "Mycueloz" {Regen+ Dex+5 Slay-2 SInv}
 68821 | Swamp:1  | Identified a ring "Qunisiva" {rPois Str+6 Int+3 SInv}
 69188 | Zot:1    | Reached skill level 15 in Evocations
 69233 | Zot:1    | You are sucked into a shaft and drop 1 floor!
 69284 | Zot:2    | Noticed a Killer Klown
 69290 | Zot:2    | Killed a Killer Klown
 69324 | Zot:2    | Found Dedgh's Changing Room.
 69343 | Zot:2    | Bought a potion of mutation for 136 gold pieces
 69343 | Zot:2    | Bought a potion of mutation for 136 gold pieces
 70031 | Orc:2    | Bought a potion of curing for 54 gold pieces
 70031 | Orc:2    | Bought a potion of curing for 54 gold pieces
 70031 | Orc:2    | Bought a potion of resistance for 180 gold pieces
 70031 | Orc:2    | Bought a potion of curing for 54 gold pieces
 70031 | Orc:2    | Bought a potion of curing for 54 gold pieces
 70031 | Orc:2    | Bought a potion of curing for 54 gold pieces
 70333 | D:1      | Bought a scroll of fog for 52 gold pieces
 70333 | D:1      | Bought a scroll of fear for 52 gold pieces
 70333 | D:1      | Bought a scroll of teleportation for 39 gold pieces
 71504 | Zot:2    | Identified the +6 rapier of the Hand {freeze, ^Contam Fly
                  | rC+}
 72547 | Zot:3    | Reached XP level 26. HP: 193/212 MP: 32/32
 73411 | Zot:3    | Reached skill level 27 in Fighting
 73965 | Zot:4    | Noticed a Killer Klown
 73993 | Zot:4    | Killed a Killer Klown
 75435 | Zot:5    | Entered Level 5 of the Realm of Zot
 77480 | Zot:5    | Noticed an ancient lich
 77484 | Zot:5    | Noticed an ancient lich
 77488 | Zot:5    | Killed an ancient lich
 77493 | Zot:5    | Killed an ancient lich
 77496 | Zot:5    | Noticed an orb of fire
 77501 | Zot:5    | Gained mutation: Your magical capacity is low. (-10% MP)
                  | [an orb of fire]
 77504 | Zot:5    | Killed an orb of fire
 77896 | Zot:5    | Noticed an orb of fire
 77905 | Zot:5    | Gained mutation: Potions are less effective at restoring
                  | your health. [an orb of fire]
 77909 | Zot:5    | Killed an orb of fire
 77910 | Zot:5    | Reached XP level 27. HP: 203/224 MP: 28/28
 77982 | Zot:5    | Noticed an orb of fire
 77988 | Zot:5    | Gained mutation: You are occasionally teleported next to
                  | monsters. [an orb of fire]
 77992 | Zot:5    | Killed an orb of fire
 78123 | Zot:5    | Noticed an orb of fire
 78123 | Zot:5    | Noticed an orb of fire
 78125 | Zot:5    | Lost mutation: You are occasionally teleported next to
                  | monsters. [potion of mutation]
 78125 | Zot:5    | Lost mutation: Your magical capacity is low. (-10% MP)
                  | [potion of mutation]
 78125 | Zot:5    | Gained mutation: Your muscles are strong. (Str +4, Int/Dex
                  | -1) [potion of mutation]
 78125 | Zot:5    | Gained mutation: Your mind is acute. (Int +4, Str/Dex -1)
                  | [potion of mutation]
 78134 | Zot:5    | Gained mutation: Your health recovers twice as slowly from
                  | being drained. [an orb of fire]
 78136 | Zot:5    | Noticed an orb of fire
 78137 | Zot:5    | Noticed an orb of fire
 78139 | Zot:5    | Noticed an orb of fire
 78150 | Zot:5    | Gained mutation: You have hidden genetic defects. [an orb
                  | of fire]
 78152 | Zot:5    | Killed an orb of fire
 78153 | Zot:5    | Noticed an orb of fire
 78153 | Zot:5    | Noticed an orb of fire
 78205 | Zot:5    | Gained mutation: You occasionally lose the ability to drink
                  | potions when taking damage. [an orb of fire]
 78210 | Zot:5    | Gained mutation: You occasionally shout uncontrollably at
                  | your foes. [an orb of fire]
 78212 | Zot:5    | Gained mutation: You frequently scream uncontrollably at
                  | your foes. [an orb of fire]
 78644 | Zot:5    | Gained mutation: Armour fits poorly on your strangely
                  | shaped body. [an orb of fire]
 78653 | Zot:5    | Killed an orb of fire
 78655 | Zot:5    | Gained mutation: Your magical capacity is low. (-10% MP)
                  | [an orb of fire]
 78658 | Zot:5    | Killed an orb of fire
 78885 | Zot:5    | Lost mutation: Your mind is acute. (Int +4, Str/Dex -1)
                  | [potion of mutation]
 78885 | Zot:5    | Lost mutation: Your magical capacity is low. (-10% MP)
                  | [potion of mutation]
 78885 | Zot:5    | Lost mutation: Your muscles are strong. (Str +4, Int/Dex
                  | -1) [potion of mutation]
 78885 | Zot:5    | Gained mutation: You expend magic power (3 MP) to
                  | strengthen your wands. [potion of mutation]
 78885 | Zot:5    | Gained mutation: You are robust. (+10% HP) [potion of
                  | mutation]
 78886 | Zot:5    | Lost mutation: Your health recovers twice as slowly from
                  | being drained. [potion of mutation]
 78886 | Zot:5    | Lost mutation: Armour fits poorly on your strangely shaped
                  | body. [potion of mutation]
 78886 | Zot:5    | Gained mutation: You have very sharp teeth. [potion of
                  | mutation]
 78886 | Zot:5    | Gained mutation: Your flesh is heat resistant. (rF+)
                  | [potion of mutation]
 78887 | Zot:5    | Lost mutation: You occasionally lose the ability to drink
                  | potions when taking damage. [potion of mutation]
 78887 | Zot:5    | Lost mutation: Your flesh is heat resistant. (rF+) [potion
                  | of mutation]
 78887 | Zot:5    | Lost mutation: Potions are less effective at restoring your
                  | health. [potion of mutation]
 78887 | Zot:5    | Gained mutation: You possess an exceptional clarity of
                  | mind. [potion of mutation]
 78887 | Zot:5    | Gained mutation: Your flesh is heat resistant. (rF+)
                  | [potion of mutation]
 78888 | Zot:5    | Lost mutation: You expend magic power (3 MP) to strengthen
                  | your wands. [potion of mutation]
 78888 | Zot:5    | Lost mutation: Your flesh is heat resistant. (rF+) [potion
                  | of mutation]
 78888 | Zot:5    | Lost mutation: You are robust. (+10% HP) [potion of
                  | mutation]
 78888 | Zot:5    | Gained mutation: You are weak. (Str -2) [potion of
                  | mutation]
 78888 | Zot:5    | Gained mutation: You are partially covered in iridescent
                  | scales. (AC +2) [potion of mutation]
 78889 | Zot:5    | Lost mutation: You frequently scream uncontrollably at your
                  | foes. [potion of mutation]
 78889 | Zot:5    | Lost mutation: You are weak. (Str -2) [potion of mutation]
 78889 | Zot:5    | Lost mutation: You have very sharp teeth. [potion of
                  | mutation]
 78889 | Zot:5    | Gained mutation: You occasionally lose the ability to drink
                  | potions when taking damage. [potion of mutation]
 78889 | Zot:5    | Gained mutation: Your muscles are strong. (Str +4, Int/Dex
                  | -1) [potion of mutation]
 78889 | Zot:5    | Gained mutation: Your flesh is heat resistant. (rF+)
                  | [potion of mutation]
 78890 | Zot:5    | Lost mutation: You occasionally lose the ability to drink
                  | potions when taking damage. [potion of mutation]
 78890 | Zot:5    | Lost mutation: You are partially covered in iridescent
                  | scales. (AC +2) [potion of mutation]
 78890 | Zot:5    | Lost mutation: Your flesh is heat resistant. (rF+) [potion
                  | of mutation]
 78890 | Zot:5    | Gained mutation: You are agile. (Dex +4, Str/Int -1)
                  | [potion of mutation]
 78890 | Zot:5    | Lost mutation: You have hidden genetic defects. [potion of
                  | mutation]
 78890 | Zot:5    | Lost mutation: You occasionally shout uncontrollably at
                  | your foes. [potion of mutation]
 78890 | Zot:5    | Gained mutation: Your spells are a little harder to cast,
                  | but a little more powerful. [potion of mutation]
 78928 | Zot:5    | Killed an orb of fire
 78929 | Zot:5    | Reached skill level 27 in Dodging
 79044 | Zot:5    | Killed an orb of fire
 79523 | Zot:5    | Got the Orb of Zot
 79533 | Zot:5    | Lost mutation: Your muscles are strong. (Str +4, Int/Dex
                  | -1) [an orb of fire]
 79545 | Zot:5    | Gained mutation: You occasionally lose the ability to read
                  | scrolls when taking damage. [an orb of fire]
 79547 | Zot:5    | Noticed Guful the pandemonium lord
 79606 | Zot:4    | Noticed a seraph
 79616 | Zot:4    | Killed a seraph
 79819 | Depths:2 | Noticed Teaq the pandemonium lord
 80136 | D:4      | Noticed Hafos the pandemonium lord
 80223 | D:$      | Escaped with the Orb!

Illustrated notes

Levels and vault maps discovered:
D:1:      reono_arrival_forest_river, layout_basic, serial_shops, shop,
          minmay_tree_intersection, minmay_hexomino_c4
D:2:      layout_basic, shapermc_ecumenical_altar_rom_forum, serial_shops,
          nicolae_shop_gaudy_bauble, minmay_split_cup_small
D:3:      layout_loops_ring, gammafunk_temple_overflow_wave
D:4:      layout_basic, nicolae_ashenzari_skybound, nicolae_zig_zag_zippers
D:5:      layout_rooms, uniq_grinder, uniq_duvessa
D:6:      layout_loops_corners, grunt_dithmenos_shadows, serial_shops,
          nicolae_take_the_stairs
D:7:      layout_basic, mainiacjoe_overflow_paths, minmay_temple_entry_slanted,
          uniq_jeremiah
D:8:      kb_forest_paths, layout_loops_ring, enter_bailey_1, minmay_radiant,
          uniq_joseph, uniq_prince_ribbit1
D:9:      layout_loops_cross, jmf_multi_god_temple2,
          minmay_orc_entry_temple_small
D:10:     layout_stronghold, david_lair_shrubbed, nicolae_wwwww
D:11:     layout_basic, gammafunk_ghost_nasty_kobolds
D:12:     layout_irregular_city, serial_shops, nicolae_inconvenience_store,
          minmay_microvault
D:13:     layout_rooms, gammafunk_ghost_necromancy, nicolae_shop_firing_range
D:14:     layout_roguey, lightli_vaults_fourway_checkpoint, enter_trove_2,
          nemelex_altar_shiori, minmay_the_grid_2x2 [minmay_the_grid_tri_star,
          minmay_the_grid_mess, minmay_the_grid_zigzag_pyramid,
          minmay_the_grid_prize_inner_circle], uniq_rupert
D:15:     hangedman_crystal_crosses_colossus [crystal_crosses_arms_two,
          crystal_crosses_arms_one, crystal_crosses_arms_one]
Temple:   minmay_freezing_vapour_temple
Lair:1:   layout_chaotic_city, minmay_shattered_shrine, grunt_megastairs_4,
          uniq_erica
Lair:2:   layout_long_grid, mainiacjoe_swamp_entry_angry_trees,
          portal_ice_cave_entry_imps, minmay_holes, serial_bayou_pond_e,
          lemuel_fruit_fields, uniq_gastronok
Lair:3:   gammafunk_cloud_chamber, layout_loops_ring,
          minmay_snake_entry_six_corridors
Lair:4:   layout_concentric_octagons, nicolae_slime_entry_slimehenge,
          chequers_serial_rivers_small_a, nicolae_quartered_pool_super,
          lemuel_fruit_fields
Lair:5:   cheibrodos_lair_end_hotspot, layout_gridlike,
          pdpol_lair_cavern_descent
Swamp:1:  gammafunk_sealed_arena, layout_basic_swamp, serial_swamp_ruin,
          evilmike_swamp_ruin_house_3, evilmike_swamp_ruin_rubble_1,
          evilmike_swamp_ruin_house_1, swamp_pool_5
Swamp:2:  layout_basic_swamp, ebering_ghost_reflecting_pool,
          nicolae_swamp_small_spring
Swamp:3:  layout_falls_marsh, evilmike_swamp_ruin_wall
Swamp:4:  swamp_basic_johnstein, layout_basic_swamp, swamp_pool_5
Snake:1:  nicolae_snake_unarmed_stairs_patrol, layout_cave_pods
Snake:2:  layout_rooms, ebering_ghost_xom
Snake:3:  layout_gridlike, serial_shops, shop, drop_trap, tekkud_shop_of_orbs,
          grunt_megastairs_3
Snake:4:  snake_pit, layout_layer_cave, serial_library_hellmonk_statue_hall,
          serial_bayou_pond_a, grunt_megastairs_2
Slime:1:  layout_caves
Slime:2:  layout_caves
Slime:3:  layout_caves, nicolae_slime_getting_an_eyeful
Slime:4:  layout_caves
Slime:5:  slime_pit_nicolae_trefoil
Orc:1:    layout_caves, uniq_urug, uniq_nergalle, uniq_harold
Orc:2:    pubby_orc_utopia
Elf:1:    eino_elf_arrival_the_gate, layout_gridlike, nicolae_elf_crossing_hall,
          drop_trap, roderic_lattice_octagonal_star
Elf:2:    nicolae_elf_blades_splatter_lattice [nicolae_blade_entry_antechamber],
          layout_geoelf_octagon, dreamdust_princess_corridor,
          serial_library_regret_index_headful, uniq_agnes
Elf:3:    minmay_elf_hall_spiked, layout_rooms
Vaults:1: mu_enter_wizlab_5, nicolae_vaults_lightning_bolt,
          nicolae_vaults_mini_display_case, v_rooms_5,
          nicolae_vaults_enemy_cabinets, grunt_vaults_hallway_long,
          v_alt_pattern_1, nicolae_vaults_trapezoid_layered,
          grunt_vaults_funnel, layout_vaults_big_room
Vaults:2: vaults_room_door_hall, hangedman_vaults_snaps, hangedman_vaults_slice,
          nicolae_vaults_house_1, nicolae_vaults_network_s, grunt_vaults_twisty,
          nicolae_vaults_house_3, nicolae_vaults_asterisk,
          layout_vaults_omnigrid, serial_shops, shop_coins
Vaults:3: minmay_crypt_entry_necro_gods, v_rooms_5,
          nicolae_vaults_ninety_degrees, v_pattern_1, v_misc_4,
          nicolae_vaults_windows_and_doors_thing, v_misc_5,
          nicolae_vaults_you_can_take_it_with_you,
          nicolae_vaults_little_squares_2, nicolae_vaults_rhombus_6,
          nicolae_vaults_trapezoid_2, nicolae_vaults_circle_grid_b,
          nicolae_vaults_little_squares_5, nicolae_vaults_double_plus_1,
          layout_vaults_omnibox, serial_shops, nicolae_shop_drivethru,
          uniq_bai_suzhen, uniq_saint_roka
Vaults:4: hangedman_vaults_nails, nicolae_vaults_two_Ls, v_misc_27,
          nicolae_vaults_closet_pinwheel_3, v_misc_18, v_misc_19,
          nicolae_vaults_doubleplus_tesselated, grunt_vaults_hallway_short,
          nicolae_vaults_trapezoid_2, ontoclasm_vaults_decontamination,
          nicolae_vaults_storage_closets_1, nicolae_vaults_double_plus_1,
          layout_vaults_omnicross
Depths:1: evilmike_library_of_no_secrets, layout_cave_pools, enter_ziggurat_c,
          grunt_hell_entry_demonic_statue, kennysheep_another_room,
          dk_noncrumbling_4, minmay_shoptagon
Depths:2: minmay_swirls_squares, layout_cave_pools, grunt_pan_entry_sceptre,
          pf_coc_iceberg, nicolae_wu_jian_immortal_techniques, abyss_entry,
          uniq_mara
Depths:3: minmay_shrinking_squares, layout_basic, abyss_entry,
          grunt_hell_entry_dis_grunt, minmay_misc_feat_tower, serial_shops,
          bzr_entry_safe, infiniplex_staircase_zigzag_5, minmay_shop_grove
Depths:4: grunt_zot_entry_tricorne, layout_long_grid, pf_hell_entry_tar_spiral,
          abyss_entry, serial_shops, shop, minmay_misc_feat_more_columns,
          hangedman_decor_cross_pass, serial_bayou_shore_b
Zot:1:    layout_basic
Zot:2:    layout_gridlike, nicolae_transmutations_shop, lemuel_baited_zot_trap,
          kennysheep_underground_church
Zot:3:    layout_misc_corridors, st_small_dragon_hoard_2,
          regret_index_zotdec_iron_s, zot_minivault_2
Zot:4:    layout_misc_corridors, grunt_megastairs_5
Zot:5:    layout_twisted_circle

Skill      XL: |  1  2  3  4  5  6  7  8  9 10 11 12 13 14 15 16 17 18 19 20 21 22 23 24 25 26 27 |
---------------+----------------------------------------------------------------------------------+-----
Fighting       | 2 3 4 5 6 9 10 13 15 18 20 22 24 25 27 | 27.0
Ranged Weapons | 3 4 5 6 7 10 12 14 17 18 20 21 22 23 24 25 | 25.3
Dodging        | 5 6 9 10 12 15 17 19 20 21 24 26 27 | 27.0
Armour         | 10 11 19 20 | 20.9
Invocations    | 4 6 |  6.0
Evocations     | 8 12 13 17 | 17.5
Stealth        | 6 10 | 10.0
Spellcasting   | 6 |  6.0
Translocations | 4 |  4.5
Air Magic      | 4 |  4.5
Hexes          | |  3.2
Fire Magic     | |  1.1

Action                     |  1- 3 |  4- 6 |  7- 9 | 10-12 | 13-15 | 16-18 | 19-21 | 22-24 | 25-27 || total
---------------------------+-------+-------+-------+-------+-------+-------+-------+-------+-------++-------
  Melee: Unarmed           |       |       |       |       |       |       |    11 |       |       ||    11
   Fire: Sling             |    73 |   149 |       |       |       |       |       |       |       ||   222
         Arbalest          |       |    16 |   209 |   606 |  1158 |  1164 |  1308 |  1412 |    86 ||  5959
         Longbow           |       |       |       |       |       |       |       |       |  1016 ||  1016
   Cast: Jinxbite          |     1 |     6 |       |     1 |       |       |       |       |       ||     8
         Blink             |       |       |       |       |       |       |       |     1 |     1 ||     2
 Invoke: Ancestor Life: Kn |       |       |       |     1 |       |       |       |       |       ||     1
         Recall Ancestor   |       |       |       |       |     1 |     4 |     8 |    10 |    12 ||    35
         Ancestor Identity |       |       |       |       |     1 |       |       |       |       ||     1
         Idealise          |       |       |       |       |       |       |     3 |       |     2 ||     5
Ability: Hop               |     2 |     2 |       |     4 |     8 |     6 |     1 |     9 |    14 ||    46
  Evoke: Wand              |       |       |       |     1 |       |       |     1 |     6 |     1 ||     9
         Phantom mirror    |       |       |       |       |       |       |     2 |     2 |       ||     4
         Box of beasts     |       |       |       |       |       |       |     1 |     1 |     1 ||     3
         Lightning rod     |       |       |       |       |       |       |     3 |     7 |       ||    10
         Condenser vane    |       |       |       |       |       |       |     1 |     1 |     1 ||     3
         Phial of floods   |       |       |       |       |       |       |       |     1 |       ||     1
    Use: Scroll            |       |    10 |     5 |     1 |    13 |    10 |     6 |    10 |    37 ||    92
         Potion            |       |       |       |     2 |       |     3 |       |     3 |    26 ||    34
 Armour: Robe              |    18 |    42 |    20 |    32 |    56 |   161 |    81 |   121 |       ||   531
         Leather armour    |       |       |       |    40 |       |       |       |       |       ||    40
         Troll leather arm |       |       |       |    26 |    48 |       |       |       |       ||    74
         Skin              |       |       |       |       |       |       |     5 |       |       ||     5
         Swamp dragon scal |       |       |       |       |       |       |       |    39 |   180 ||   219
         Ice dragon scales |       |       |       |       |       |       |       |       |    34 ||    34
  Dodge: Dodged            |    24 |    64 |    59 |   197 |   239 |   240 |   320 |   442 |   576 ||  2161
         Repelled          |       |     2 |     2 |       |       |       |       |       |       ||     4

Table legend: (Time is in decaauts)
 A = Elapsed time spent in this place.
 B = Non-inter-level travel time spent in this place.
 C = Inter-level travel time spent in this place.
 D = Time resting spent in this place.
 E = Time spent auto-exploring this place.
 F = Levels seen in this place.
 G = Mean time per level.
                   A        B        C        D        E       F      G
               +--------+--------+--------+--------+--------+-----+--------+
         Total |  86094 |  74474 |  11620 |  29407 |  33594 |  60 | 1434.9 |
       Dungeon |  22961 |  17878 |   5083 |   4879 |  10479 |  15 | 1530.7 |
        Temple |     12 |     12 |      0 |      0 |      0 |   1 |   12.0 |
          Lair |   9780 |   8407 |   1373 |   3775 |   3549 |   5 | 1956.0 |
         Swamp |   4724 |   4325 |    399 |   1804 |   1781 |   4 | 1181.0 |
     Snake Pit |   6668 |   6131 |    537 |   2515 |   2853 |   4 | 1667.0 |
    Slime Pits |   5403 |   5016 |    387 |   2946 |   1407 |   5 | 1080.6 |
  Orcish Mines |   3377 |   2796 |    581 |    891 |   1482 |   2 | 1688.5 |
   Elven Halls |   4882 |   4476 |    406 |   1885 |   2017 |   3 | 1627.3 |
        Vaults |   6563 |   5889 |    674 |   1132 |   3561 |   4 | 1640.8 |
        Depths |   8456 |   7051 |   1405 |   2554 |   3398 |   4 | 2114.0 |
           Zot |  10496 |   9725 |    771 |   5509 |   2595 |   5 | 2099.2 |
      Ziggurat |    377 |    377 |      0 |    224 |      0 |   4 |   94.2 |
        Bazaar |     71 |     71 |      0 |      0 |     44 |   1 |   71.0 |
         Trove |     54 |     54 |      0 |      0 |      5 |   1 |   54.0 |
        Bailey |    634 |    634 |      0 |    200 |    233 |   1 |  634.0 |
        Wizlab |   1628 |   1628 |      0 |   1091 |    184 |   1 | 1628.0 |
               +--------+--------+--------+--------+--------+-----+--------+

Top non-repeatable levels by time:
Depths:1: 3584 daAuts
   Zot:5: 3446 daAuts
  Lair:2: 3366 daAuts
 Snake:4: 3236 daAuts
     D:8: 2592 daAuts
  Lair:1: 2410 daAuts
   Orc:2: 2386 daAuts
Depths:3: 2271 daAuts
    D:14: 2255 daAuts
   Elf:3: 2197 daAuts
   Zot:4: 2111 daAuts
 Slime:5: 2027 daAuts
  Lair:5: 2022 daAuts
   Zot:2: 1981 daAuts
Vaults:2: 1926 daAuts
